 Dungeon Crawl Stone Soup version 0.18-a0-1721-gc4d1f22 (webtiles) character file.

3668 wvc the Martial Artist (level 9, -12/65 HPs)
             Began as a Demonspawn Monk on Apr 9, 2016.
             Was a Believer of Cheibriados.
             Mangled by an ice dragon (13 damage)
             ... on level 7 of the Dungeon.
             The game lasted 00:14:34 (8018 turns).

wvc the Martial Artist (Demonspawn Monk)            Turns: 8018, Time: 00:14:35

Health: -12/65     AC: 12    Str: 21    XL:     9   Next: 89%
Magic:  9/9        EV: 20    Int: 20    God:    Cheibriados [**....]
Gold:   301        SH:  0    Dex: 29    Spells: 0 memorised, 8 levels left

rFire  x . .     SeeInvis .       - Unarmed
rCold  + + .     Gourm    .     d - +0 ring mail
rNeg   . . .     Faith    .     (no shield)
rPois  .         Spirit   .     l - +2 helmet {Int+3}
rElec  .         Dismiss  .     u - +0 cloak
rCorr  .         Reflect  .     (no gloves)
SustAt .         Harm     .     (no boots)
MR     .....                    (no amulet)
Stlth  +++.......               z - ring of protection from cold
                                C - ring of ice

@: mighty, agile, very slow, not resistant to hostile enchantments, fairly
stealthy
A: claws 1, yellow scales 1, foul stench 1, rot immunity
a: Bend Time, Renounce Religion


You were on level 7 of the Dungeon.
You worshipped Cheibriados.
Cheibriados was pleased with you.
You were not hungry.

You visited 2 branches of the dungeon, and saw 8 of its levels.
You also visited: Sewer.

You collected 301 gold pieces.

Inventory:

Hand Weapons
 r - a +1 blowgun
Missiles
 s - 18 poisoned needles
 v - a throwing net (quivered)
Armour
 d - a +0 ring mail (worn)
 l - a +2 helmet of intelligence (worn)
 u - a +0 cloak (worn)
Jewellery
 z - a ring of protection from cold (right claw)
 C - a ring of ice (left claw)
Wands
 n - a wand of random effects (31/48)
 q - a wand of flame (19/48)
 x - a wand of enslavement (6/24)
 y - a wand of random effects (37/48)
 E - a wand of slowing (13/48)
Scrolls
 a - 4 scrolls of magic mapping
 e - 7 scrolls of amnesia
 m - a scroll of teleportation
 p - a scroll of immolation
 A - 2 scrolls of remove curse
 D - a scroll of blinking
Potions
 g - 2 potions of mutation
 h - a potion of agility
 i - a potion of beneficial mutation {unknown}
 k - a potion of haste
 o - 2 potions of resistance
 t - 2 potions of brilliance
 w - a potion of heal wounds {unknown}
 B - 2 potions of curing {unknown}
Books
 f - Kikubaaqudgha's Compendium of Darkness
   (You found it on level 3 of the Dungeon)

   Spells                             Type                      Level
   a - Pain                           Necromancy                   1
Comestibles
 b - 6 bread rations
 c - 5 meat rations


   Skills:
 + Level 4.1 Fighting
   Level 1.5 Polearms
 + Level 3.3 Armour
 + Level 4.0 Dodging
 - Level 1.7 Stealth
 - Level 12.0 Unarmed Combat


You had 8 spell levels left.
You didn't know any spells.

Dungeon Overview and Level Annotations

Branches:
Dungeon (7/15)             Temple (1/1) D:6

Altars:
Ashenzari
Cheibriados
Dithmenos
Elyvilon
Fedhas
Gozag
Kikubaaqudgha
Makhleb
Nemelex Xobeh
Qazlal
Ru
Sif Muna
Trog
Vehumet
Xom


Innate Abilities, Weirdness & Mutations

You have sharp fingernails.
You are partially covered in yellow scales (AC +2).
You may emit foul miasma when damaged in melee.
You are immune to rotting.


Message History

You feel very mighty all of a sudden. The ice dragon closely misses you.
The ice dragon claws you but does no damage.
The ice dragon completely misses you.
Drink which item? (? for menu, Esc to quit)
You feel agile all of a sudden. The ice dragon bites you.
* * * LOW HITPOINT WARNING * * *
The ice dragon claws you.
* * * LOW HITPOINT WARNING * * *
The ice dragon completely misses you.
You scratch the ice dragon.
The ice dragon is heavily wounded.
The ice dragon breathes frost at you. The blast of cold misses you.
You scratch the ice dragon but do no damage.
The ice dragon is heavily wounded.
The ice dragon bites you but does no damage.
The ice dragon misses you. The ice dragon tramples you!
You die...

#........####.####...#####.#
#..####..##.....###.## #.# ###
#........##.#.#.###.## #.# #.#
#.#####..............# #.#
..####.# ##.##.#.#.####.# #.#
#....#.# #........# #.# #..
####.#.# #.####.### #.# ###
####.#.# #.###D..#####.#
.....#.######...@......##.#
##..(.........###...##.##.#
###..#.######.# ##.###.##.#
#....#.# #.# #.##...#.#
..#..#.######.# #........#
#..........##.# ####...###
##.....###.##.# ##..#
#....####.##.# ##†#########
#..#...##.##.#########........(.


You could see an ice dragon.

Vanquished Creatures
  A hill giant (D:7)
  Pikel (D:5)
  Edmund (D:5)
  Sigmund (D:3)
  The ghost of wvc the Chopper, an amateur NaMo (D:3)
  Eustachio (D:6)
  An orc warrior (D:5)
  2 ice beasts
  4 phantoms
  A slave (D:5)
  2 ogres (D:4)
  A centaur (D:4)
  4 giant frogs
  3 scorpions
  5 wights (D:6)
  A giant frog zombie (D:5)
  An orc priest (D:5)
  3 iron imps (D:4)
  2 orc wizards (D:5)
  Crazy Yiuf (D:3)
  A giant frog skeleton (D:5)
  An iguana (D:7)
  3 worker ants
  A killer bee zombie (D:5)
  A hound skeleton (D:4)
  A hound zombie (D:6)
  Robin (D:4)
  3 gnolls
  9 adders
  An adder skeleton (D:6)
  2 worms
  10 giant geckos
  7 orcs
  7 ball pythons
  9 giant cockroaches
  22 goblins
  9 hobgoblins
  5 jackals
  13 kobolds
  8 quokkas
  8 bats
  9 giant newts
  A quokka skeleton (D:4)
  A quokka zombie (D:5)
  9 rats
179 creatures vanquished.

Vanquished Creatures (others)
  3 slaves
  A crimson imp (D:7)
4 creatures vanquished.

Grand Total: 183 creatures vanquished

Notes
Turn   | Place    | Note
--------------------------------------------------------------
     0 | D:1      | wvc the Demonspawn Monk began the quest for the Orb.
     0 | D:1      | Reached XP level 1. HP: 18/18 MP: 1/1
   316 | D:1      | Reached skill level 1 in Polearms
   426 | D:1      | Gained mutation: You have sharp fingernails. [demonic ancestry]
   426 | D:1      | Reached XP level 2. HP: 21/24 MP: 2/2
   905 | D:2      | Reached skill level 4 in Unarmed Combat
   926 | D:2      | Gained mutation: You are immune to rotting. [demonic ancestry]
   926 | D:2      | Reached XP level 3. HP: 16/29 MP: 3/3
  2154 | D:2      | Reached XP level 4. HP: 34/35 MP: 4/4
  2658 | D:3      | Found a shattered altar of Ashenzari.
  2682 | D:3      | Noticed wvc's ghost (amateur NaMo)
  2696 | D:3      | Killed wvc's ghost
  2696 | D:3      | Reached skill level 6 in Unarmed Combat
  2696 | D:3      | Reached XP level 5. HP: 41/41 MP: 5/5
  2739 | D:3      | Noticed Sigmund
  2757 | D:3      | Killed Sigmund
  2757 | D:3      | Reached skill level 7 in Unarmed Combat
  2757 | D:3      | Gained mutation: You are partially covered in yellow scales (AC +2). [demonic ancestry]
  2757 | D:3      | Reached XP level 6. HP: 22/47 MP: 6/6
  2848 | D:3      | Found a glowing drain.
  2871 | Sewer    | Entered a sewer
  3229 | Sewer    | Reached XP level 7. HP: 31/52 MP: 7/7
  3630 | D:3      | Noticed Crazy Yiuf
  3676 | D:3      | Killed Crazy Yiuf
  3979 | D:3      | Found a deep blue altar of Sif Muna.
  3980 | D:3      | Found an ancient bone altar of Kikubaaqudgha.
  3980 | D:3      | Found a radiant altar of Vehumet.
  3983 | D:3      | Identified Kikubaaqudgha's Compendium of Darkness
  4207 | D:4      | Reached skill level 8 in Unarmed Combat
  4212 | D:4      | Found a burning altar of Makhleb.
  4480 | D:4      | Reached skill level 9 in Unarmed Combat
  4494 | D:4      | Noticed Robin
  4506 | D:4      | Killed Robin
  4552 | D:4      | Gained mutation: You may emit foul miasma when damaged in melee. [demonic ancestry]
  4552 | D:4      | Reached XP level 8. HP: 43/58 MP: 8/8
  4849 | D:4      | Found a white marble altar of Elyvilon.
  5012 | D:5      | Entered Level 5 of the Dungeon
  5179 | D:5      | Noticed Pikel
  5197 | D:5      | Killed Pikel
  5197 | D:5      | Reached skill level 10 in Unarmed Combat
  5203 | D:5      | Reached skill level 11 in Unarmed Combat
  5203 | D:5      | Reached XP level 9. HP: 60/63 MP: 9/9
  5707 | D:6      | Noticed Edmund
  6179 | D:5      | Killed Edmund
  6463 | D:6      | Found an opulent altar of Gozag.
  6592 | D:6      | Found a stormy altar of Qazlal.
  6634 | D:6      | Reached skill level 12 in Unarmed Combat
  6795 | D:6      | Found a staircase to the Ecumenical Temple.
  6795 | D:6      | Noticed Eustachio
  6806 | D:6      | Killed Eustachio
  6806 | D:6      | Reached skill level 1 in Armour
  6814 | Temple   | Entered the Ecumenical Temple
  6853 | Temple   | Became a worshipper of Cheibriados the Contemplative
  6853 | Temple   | Reached * piety under Cheibriados
  6853 | Temple   | Reached ** piety under Cheibriados
  7470 | D:7      | Found a blossoming altar of Fedhas.
  7607 | D:7      | Noticed a hill giant
  7614 | D:7      | Killed a hill giant
  8004 | D:7      | Noticed an ice dragon
  8016 | D:7      | HP: 1/65 [ice dragon (5)]
  8018 | D:7      | Mangled by an ice dragon

Vault maps used:
D:1:      mushboom_english_gardens
D:2:      mumra_celtic_spiral_tile
D:3:      grunt_temple_overflow_magic_moments, ashenzari_altar_1,
          portal_sewer_entry_a, uniq_crazy_yiuf_cottage, uniq_sigmund
D:4:      marbit_many_paths, demons_altar, first_bread, uniq_robin
D:5:      uniq_pikel
D:6:      grunt_qazlal_clouds, grunt_gozag_statues, minmay_temple_entry_fiery,
          uniq_eustachio, uniq_edmund
D:7:      fedhas_altar_4, nicolae_overflow_hidden_temple, the_bakery
Temple:   hc_temple_tempest_star_small
Sewer:    sewer_frog_island_01

Skill      XL: |  1  2  3  4  5  6  7  8  9 |
---------------+----------------------------+-----
Polearms       | 1 |  1.5
Unarmed Combat | 4 6 7 9 11 12 | 12.0
Armour         | 3 |  3.3
Dodging        | 4 |  4.0
Fighting       | 4 |  4.1
Stealth        | |  1.7

Action                   |  1- 3 |  4- 6 |  7- 9 || total
-------------------------+-------+-------+-------++-------
Melee: Unarmed           |   149 |   115 |   396 ||   660
 Fire: Blowgun           |       |       |    14 ||    14
  Use: Potion            |       |     1 |     2 ||     3
       Scroll            |       |       |    17 ||    17
 Stab: Sleeping          |     5 |     2 |     3 ||    10
  Eat: Chunk             |     1 |     1 |     3 ||     5
       Meat ration       |     1 |       |     1 ||     2
       Fruit             |       |       |     3 ||     3
       Pizza             |       |       |     2 ||     2
       Beef jerky        |       |       |     2 ||     2
